AoeStats
← ELPOCHOGOL

Arabia

510199082Analyzed
1v1 RM · 1d ago on Sep 29, 2026· 39m 42s· 2 players
Game mode
Random Map
Map size
Tiny (2 player)
Population
200
Speed
Normal
Resources
Standard
Victory
Conquest
Starting age
Dark Age
Ending age
Imperial Age
RankedLock teamsTeams togetherTeam positionsShared explorationLock speedFull tech treeHidden civsTurbo modeCheats
Victory
Defeat
🇦🇷 Jurchens · Argentina
1017
+16
🇦🇷 Franks · Argentina
1024
-16
Ulram
6:44 Loom
9:45 Feudal Age
18:52 Wheelbarrow
18:12 Double-Bit Axe
21:26 Castle Age
20:10 Forging
20:06 Scale Barding Armor
20:14 Bloodlines
21:17 Horse Collar
23:03 Husbandry
25:05 Chain Barding Armor
28:39 Iron Casting
28:39 Heavy Plow
30:29 Wheelbarrow
33:02 Hand Cart
36:44 Bow Saw
ELPOCHOGOL
9:22 Feudal Age
7:38 Loom
12:16 Scale Barding Armor
22:13 Castle Age
20:18 Gold Mining
21:12 Forging
21:27 Stone Mining
21:36 Double-Bit Axe
23:37 Town Watch
25:35 Husbandry
25:53 Town Patrol
35:30 Pikeman
37:38 Chain Barding Armor
38:46 Iron Casting
Connection lost

Rejoining the realm…

Still unreachable

The connection could not be restored.

Session expired

The server has moved on; the page needs a fresh start.